 Dungeon Crawl Stone Soup version 0.20-a0-754-g13ddd6e (webtiles) character file.

931443 Alarkh the Hoplite (level 27, -13/214 HPs)
             Began as a Mummy Monk on Feb 24, 2017.
             Was an Initiate of Gozag.
             Killed by dispel undead
             ... invoked by a monstrous black sun
             ... summoned by a shadow demon
             ... summoned by Dioruet
              (47 damage)
             ... in Pandemonium on Feb 25, 2017.
             The game lasted 05:52:29 (117421 turns).

Alarkh the Hoplite (Mummy Monk)                   Turns: 117421, Time: 05:52:31

Health: -13/214    AC: 35    Str: 22    XL:     27
Magic:  1/47       EV: 21    Int: 25    God:    Gozag
Gold:   6653       SH: 27    Dex: 18    Spells: 24/67 levels left

rFire    + + .     SeeInvis +   a - +3 demon blade (elec)
rCold    + + +     Gourm    .   n - +4 fire dragon scales
rNeg     + + +     Faith    .   z - +1 large shield {AC+3}
rPois    ∞         Spirit   .   R - +2 helmet "Veik" {rC+ rN+ Str+4}
rElec    +         Reflect  .   s - +2 cloak {MR+}
rCorr    .         Harm     .   t - +2 pair of gloves {Dex+3}
MR       +++++                  I - +2 pair of boots {Fly}
Stlth    +.........             r - amulet of Osaulin {MR+ Regen+ Int+3 SInv}
Regen    0.9/turn               j - ring of Kuipeuxo {Wiz *Drain rElec rC++ rN+}
MPRegen  0.3/turn               h - ring "Estrih" {rF+ Int+4 Stlth+}

@: about to teleport, weakened, flying, very slightly contaminated, deflect
missiles
A: no food or potions, fire vulnerability, cold resistance 1, negative energy
resistance 3, torment resistance, unbreathing, in touch with death 2
}: 5/15 runes: serpentine, barnacled, golden, icy, abyssal
a: Potion Petition, Call Merchant, Bribe Branch, Renounce Religion, Stop Flying


You were in Pandemonium.
You worshipped Gozag.
Gozag was greatly pleased with you.
You were not hungry.

You visited 15 branches of the dungeon, and saw 70 of its levels.
You visited Pandemonium 1 time, and saw 2 of its levels.
You visited the Abyss 2 times.
You also visited: Volcano.

You collected 48326 gold pieces.
You spent 10450 gold pieces at shops.
You paid 31223 gold pieces to Gozag.

Inventory:

Hand Weapons
 a - a +3 demon blade of electrocution (weapon)
 b - the +8 double sword of Loariz Vaha {venom, Dex+2}
   (You acquired it on level 3 of the Vaults)

   It poisons the flesh of those it strikes.
   It affects your dexterity (+2).
 w - a +7 scimitar of flaming
Armour
 n - +4 fire dragon scales (worn)
 s - a +2 cloak of magic resistance (worn)
 t - a +2 pair of gloves of dexterity (worn)
 z - a +1 large shield of protection (worn)
 I - a +2 pair of boots of flying (worn)
 R - the +2 helmet "Veik" (worn) {rC+ rN+ Str+4}
   (You bought it in a shop on level 5 of the Depths)

   It affects your strength (+4).
   It protects you from cold.
   It protects you from negative energy.
Jewellery
 c - the ring of the Jackalope {rCorr rF- rN++ Dex+3}
   (You found it on level 1 of the Lair of Beasts)

   [ring of resist corrosion]

   It affects your dexterity (+3).
   It makes you vulnerable to fire.
   It greatly protects you from negative energy.
 h - the ring "Estrih" (left hand) {rF+ Int+4 Stlth+}
   (You bought it in a shop on level 2 of the Lair of Beasts)

   [ring of stealth]

   It affects your intelligence (+4).
   It protects you from fire.
   It makes you more stealthy.
 j - the ring of Kuipeuxo (right hand) {Wiz *Drain rElec rC++ rN+}
   (You found it on level 6 of the Lair of Beasts)

   [ring of wizardry]

   It improves your spell success rate.
   It greatly protects you from cold.
   It insulates you from electricity.
   It protects you from negative energy.
   It causes draining when unequipped.
 o - the amulet of the Four Winds {rN+ MR+++ Clar}
   (You took it off a deep elf demonologist on level 3 of the Elven Halls)

   [amulet of nothing]

   It protects you from negative energy.
   It affects your resistance to hostile enchantments.
   It protects you against confusion.
 r - the amulet of Osaulin (around neck) {MR+ Regen+ Int+3 SInv}
   (You bought it in a shop on level 2 of the Lair of Beasts)

   [amulet of regeneration]

   It affects your intelligence (+3).
   It affects your resistance to hostile enchantments.
   It lets you see invisible.
   It increases your rate of regeneration.
 C - an uncursed ring of resist corrosion {unknown}
Wands
 f - a wand of disintegration (13/24)
 g - a wand of iceblast (7/15)
 k - a wand of scattershot (6/9)
 m - a wand of digging (1/24)
 S - a wand of scattershot (2/9)
Scrolls
 e - 3 scrolls of identify
 i - 2 scrolls of summoning
 l - a scroll of enchant weapon
 p - a scroll of amnesia
 q - 5 scrolls of vulnerability
 u - 14 scrolls of magic mapping
 v - 9 scrolls of recharging
 x - 2 scrolls of torment
 y - a scroll of silence
 A - 4 scrolls of blinking
 B - 5 scrolls of fog
 G - 5 scrolls of remove curse
 H - 4 scrolls of fear
Miscellaneous
 d - 6 phantom mirrors


   Skills:
 - Level 17.0 Fighting
 - Level 17.0 Long Blades
 - Level 14.7 Armour
 - Level 15.1 Dodging
 - Level 1.5 Stealth
 - Level 25.0 Shields
 + Level 20.8 Spellcasting
 + Level 14.7 Conjurations
 - Level 10.0 Charms
 - Level 15.0 Summonings
 + Level 16.1 Necromancy
 * Level 15.8 Air Magic
 - Level 11.0 Earth Magic


You had 24 spell levels left.
You knew the following spells:

 Your Spells              Type           Power        Failure   Level  Hunger
a - Haunt                 Necr/Summ      ########..   3%          7    N/A
b - Blink                 Tloc           N/A          3%          2    N/A
c - Spellforged Servitor  Conj/Summ      #######...   4%          7    N/A
d - Deflect Missiles      Chrm/Air       ######....   1%          6    N/A
e - Dispel Undead         Necr           ########     1%          5    N/A
r - Iron Shot             Conj/Erth      ######....   1%          6    N/A
t - Apportation           Tloc           ####..       1%          1    N/A
z - Tornado               Air            #######...   98%         9    N/A

Dungeon Overview and Level Annotations

Branches:
Dungeon (15/15)            Temple (1/1) D:5            Lair (6/6) D:8
 Shoals (4/4) Lair:2        Snake (4/4) Lair:3        Slime (5/5) Lair:6
    Orc (2/2) D:10            Elf (3/3) Orc:2        Vaults (4/5) D:14
  Crypt (3/3) Vaults:3       Tomb (3/3) Crypt:3      Depths (5/5) D:15
   Hell (1/1)                 Dis (7/7) Hell            Geh (0/7) Hell
    Coc (7/7) Hell            Tar (0/7) Hell            Zot (0/5) Depths:5

Altars:
Ashenzari
Cheibriados
Dithmenos
Elyvilon
Fedhas
Gozag
Hepliaklqana
Kikubaaqudgha
Makhleb
Nemelex Xobeh
Okawaru
Qazlal
Ru
Sif Muna
Trog
Uskayaw
Vehumet
Wu Jian
Xom
Yredelemnul
Zin
The Shining One
Beogh
Jiyva

Shops:
D:6 [   D:13 [   Orc:2 ??(*   Lair:2 (?=[[*[**[[*=[*?   Shoals:1 [
Depths:1 }=}   Depths:5 [

Portals:
Hell: Depths:1 Depths:2 Depths:3 Depths:4 Depths:5
Abyss: Depths:4
Pandemonium: Depths:1 Depths:3 Depths:5
Ziggurat: Depths:5

Annotations:
Slime:5 exclusion: upstairs, Royal Jelly
Elf:2 5 runed doors
Dis:7 Serpent of Hell


Innate Abilities, Weirdness & Mutations

You do not eat or drink.
Your flesh is vulnerable to fire.
You are immune to poison.
Your flesh is cold resistant. (rC+)
You are immune to negative energy. (rN+++)
You are immune to unholy pain and torment.
You can survive without breathing.
You are strongly in touch with the powers of death.


Message History

You block the monstrous black sun's attack. x2
The soul eater hits you but does no damage.
As you read the scroll of teleportation, it crumbles to dust.
You feel strangely unstable. You block Dioruet's attack.
The soul eater seems to slow down.
The shadow demon hits you! You resist.
The monstrous black sun calls down the wrath of Kikubaaqudgha upon you.
You convulse!
* * * LOW HITPOINT WARNING * * *
Unknown command.
You miss Dioruet.
Dioruet is severely wounded.
Dioruet gestures at you. The bolt of acid misses you.
You block the soul eater's attack.
You miss Dioruet.
Dioruet is severely wounded.
You block the shadow demon's attack.
The monstrous black sun invokes the aid of Kikubaaqudgha against you.
You convulse!
You die...
Your body crumbles into a pile of gold.

#....4W#... #.....#....
#....4'W... ####### ####&##.####&
#...... #..$.##.###.# .....
##.........## .... #.........# #
#.. ########..###6.### ##
...##..##@23#..#..##...... .#
.......43&635............# .#
.......W66355#...........#
########..##..##555...##..#.....#
##....##..##..##5.#########......
..............'....# #.##$##
..............#....# ### ..#
..............#....# ...
##........##..###.#### .$.


You could see Dioruet, a monstrous demonspawn, a monstrous black sun, a soul
eater, a shadow demon, a gelid demonspawn, a rust devil, a smoke demon, 2
ynoxinuls, 7 ufetubi and a friendly wraith.

Vanquished Creatures
  4 ancient liches
  2 juggernauts
  38 greater mummies
  38 shard shrikes
  Geryon (Hell)
  Xtahua (Vaults:4)
  2 caustic shrikes (Depths:2)
  Nikola (Elf:3)
  12 bone dragons
  3 Brimstone Fiends
  5 iron giants
  11 liches
  Rupert (Lair:5)
  2 tentacled monstrosities
  25 Ice Fiends
  2 deep elf master archers (Elf:3)
  A titan (Depths:1)
  2 deep elf blademasters (Elf:3)
  4 tentacled starspawn
  4 eldritch tentacles
  11 sphinxes
  Gastronok (Lair:2)
  22 ancient champions
  A kraken (Shoals:4)
  17 acid blobs
  Donald (Shoals:3)
  7 tengu reavers
  4 fire giants
  A storm dragon (Coc:6)
  A shadow dragon (Depths:4)
  6 revenants
  8 azure jellies
  Louise (D:14)
  Ilsuiw (Shoals:4)
  10 frost giants
  A draconian knight (Depths:5)
  4 vault wardens
  2 deep elf sorcerers
  8 nagarajas
  2 orc warlords
  A draconian shifter (Depths:5)
  4 balrugs
  6 cacodemons
  5 iron dragons
  9 ironheart preservers
  A draconian scorcher (Depths:5)
  5 deep elf elementalists
  46 reapers
  A ghoul (Crypt:3)
  3 entropy weavers
  Nessos (Lair:5)
  4 elemental wellsprings
  27 very ugly things
  A spriggan defender (Depths:2)
  5 war gargoyles
  21 stone giants
  6 vampire knights
  6 deep elf demonologists
  A green draconian (Depths:5)
  6 bennus
  6 deep elf annihilators
  2 red draconians
  7 lorocyprocas
  A purple draconian (Depths:5)
  A black draconian (Depths:5)
  3 spark wasps
  13 ettins
  8 dire elephants
  2 yellow draconians (Depths:5)
  3 crystal guardians (Crypt:3)
  4 eidola
  3 merfolk javelineers
  9 deep elf death magi
  15 fire dragons
  26 blizzard demons
  Snorg (D:10)
  4 death oozes
  5 green deaths
  6 merfolk impalers
  26 mummy priests
  12 great orbs of eyes
  10 yaktaur captains
  7 kraken zombies
  10 quicksilver dragon zombies
  4 jiangshi
  4 deep elf high priests
  Fannar (Orc:1)
  6 hell beasts
  3 quicksilver dragon skeletons
  4 rakshasas
  7 hydras
  30 ice dragons
  2 monstrous demonspawn
  4 catoblepae
  12 naga warriors
  Erica (D:10)
  12 anacondas
  14 ogre magi
  5 spriggan air magi
  6 death knights
  5 merfolk avatars
  8 merfolk aquamancers
  3 satyrs
  3 alligator snapping turtles (Shoals:4)
  An alligator (shapeshifter) (Depths:4)
  14 centaur warriors
  59 two-headed ogres
  10 death yaks
  11 deep troll shamans
  8 tengu warriors
  98 death scarabs
  8 hell hogs
  6 spriggan berserkers
  7 deep troll earth magi
  6 orc high priests
  7 vampire magi
  6 thrashing horrors
  12 naga sharpshooters
  14 titan zombies
  5 shock serpents
  4 spriggans
  2 iron golems
  11 soul eaters
  26 hell knights
  A shadow wraith (Vaults:4)
  Sonja (Lair:1)
  12 deep elf knights
  3 sixfirhies
  5 storm dragon zombies
  A fire crab (shapeshifter) (Vaults:4)
  A fire crab (Shoals:2)
  7 titan skeletons
  12 sun demons
  2 spatial maelstroms
  A wretched star (Abyss:4)
  22 anaconda zombies
  126 skeletal warriors
  6 golden dragon zombies
  4 ghost moth zombies
  2 storm dragon skeletons
  2 quicksilver dragon simulacra
  24 sea snakes
  10 iron trolls
  2 unseen horrors (D:15)
  4 salamander mystics
  10 glowing orange brains
  37 deep trolls
  4 shadow demons
  8 wizards
  A deep troll (shapeshifter) (Depths:3)
  3 torturous demonspawn
  9 ironbrand convokers
  A lindwurm (shapeshifter) (Abyss:4)
  16 necromancers
  10 shadow dragon zombies
  7 naga ritualists
  6 flayed ghosts
  17 orc knights
  15 deep elf archers
  10 anaconda skeletons
  Pikel (D:9)
  8 wolf spider zombies
  2 golden dragon skeletons
  18 phantasmal warriors
  21 large abominations
  An orb spider (shapeshifter) (Vaults:3)
  39 harpies
  4 shining eyes
  5 orc sorcerers
  2 cyclopes
  A wolf spider (shapeshifter) (D:14)
  10 iron dragon zombies
  A tengu zombie (Vaults:4)
  10 manticores
  2 oklob plants (Snake:2)
  10 mana vipers
  22 salamanders
  12 fire giant zombies
  A tengu skeleton (Depths:4)
  47 deep elf magi
  A shining eye (shapeshifter) (Depths:3)
  2 shadow dragon skeletons
  7 wolf spiders
  12 stone giant zombies
  41 ugly things
  6 fire giant skeletons
  11 frost giant zombies
  A cyclops (shapeshifter) (D:14)
  5 iron dragon skeletons
  26 fauns
  A sphinx skeleton (Vaults:4)
  2 shock serpent zombies
  2 apocalypse crabs
  3 frost giant skeletons
  4 worldbinders
  2 molten gargoyles (Volcano)
  17 merfolk sirens
  4 eyes of devastation
  58 rust devils
  5 water nymphs
  12 naga magi
  16 vault sentinels
  7 elephants (Lair:6)
  A torpor snail (Lair:3)
  5 dire elephant zombies
  An ice statue (Hell)
  5 stone giant skeletons
  10 smoke demons
  7 guardian serpents (Snake:4)
  A gargoyle (D:15)
  7 dire elephant skeletons
  38 black mambas
  A shock serpent skeleton (Dis:5)
  2 centaur zombies
  2 catoblepas zombies
  4 orange demons
  8 spiny frogs
  2 spriggan skeletons
  A torpor snail (shapeshifter) (Depths:4)
  4 emperor scorpion zombies
  16 hellions
  5 kobold demonologists
  5 komodo dragons
  2 rime drakes
  3 ancient zymes
  6 anaconda simulacra
  48 tormentors
  3 demonic crawlers
  51 guardian mummies
  48 ice devils
  5 tengu conjurers
  59 freezing wraiths
  3 harpy zombies
  4 hellwings
  2 queen bees (shapeshifter)
  A catoblepas skeleton (Coc:6)
  A queen bee (Lair:2)
  30 yaktaurs
  A green draconian skeleton (Crypt:1)
  2 polar bears (shapeshifter)
  34 hydra zombies
  A meliai (D:15)
  A silent spectre (Abyss:5)
  3 trolls
  2 jumping spiders
  25 red devils
  2 yaktaur skeletons (D:15)
  2 wind drakes
  53 merfolk
  7 hornets
  A tengu simulacrum (Vaults:3)
  19 blink frogs
  11 hydra skeletons
  9 ice dragon zombies
  3 harpy skeletons
  3 shadow dragon simulacra
  15 alligator zombies
  A raiju (shapeshifter) (Vaults:4)
  160 slime creatures
  A raiju (Abyss:4)
  A fire giant simulacrum (Coc:2)
  9 hippogriffs
  A slime creature (shapeshifter) (Elf:3)
  13 ettin zombies
  2 stone giant simulacra
  10 fire dragon zombies
  2 frost giant simulacra
  9 snapping turtles
  A redback (shapeshifter) (Vaults:4)
  171 flying skulls
  10 alligator skeletons
  9 redbacks
  2 ice dragon skeletons
  14 air elementals
  10 ynoxinuls
  18 shadows
  A tarantella (Vaults:3)
  7 ettin skeletons
  3 wyverns
  11 ushabtiu
  5 fire bats
  A spriggan (shapeshifter) (D:14)
  A tarantella (shapeshifter) (Vaults:3)
  26 water elementals
  12 fire elementals
  33 wraiths
  A yak (shapeshifter) (Vaults:3)
  A vampire (D:15)
  4 basilisks
  6 golden eyes
  37 yaks
  6 fire dragon skeletons
  A steam dragon (Lair:3)
  Grum (Lair:1)
  2 black mamba skeletons
  8 chaos spawn
  3 neqoxecs
  6 hungry ghosts
  An emperor scorpion simulacrum (Coc:1)
  A yaktaur simulacrum (Vaults:3)
  A steam dragon (shapeshifter) (Depths:3)
  Menkaure (D:4)
  An elf skeleton (Depths:4)
  An acid dragon (Vaults:2)
  61 nagas
  4 wargs
  3 soldier ants
  A merfolk skeleton (Crypt:1)
  18 spiny frog zombies
  65 hell hounds
  4 spatial vortices
  4 hydra simulacra
  6 porcupines
  17 water moccasins
  4 floating eyes
  A slave (D:8)
  8 spiny frog skeletons
  5 black bears
  3 sky beasts
  Purgy (D:3)
  An eye of draining (shapeshifter) (D:15)
  An ice beast (shapeshifter) (Vaults:1)
  56 orc warriors
  3 alligator simulacra
  24 ice beasts
  6 phantoms
  2 manticore zombies (Dis:5)
  The ghost of Graouh the Covered, an amateur MiFi (D:3)
  10 snapping turtle zombies
  7 necrophages
  7 eyes of draining
  5 boggarts (Depths:1)
  32 ogres
  43 wolves
  24 centaurs
  6 snapping turtle skeletons
  4 manticore skeletons
  4 swamp dragon skeletons
  8 crocodiles
  A crocodile (shapeshifter) (Depths:1)
  2 big kobolds
  Blork the orc (D:4)
  10 earth elementals
  A big kobold (shapeshifter) (Vaults:3)
  2 yaktaur zombies
  22 bullfrogs
  A gnoll sergeant (D:10)
  A wyvern skeleton (D:13)
  4 spiny frog simulacra
  A warg zombie (Crypt:2)
  4 scorpions
  A troll zombie (Dis:4)
  43 killer bees
  12 small abominations
  6 howler monkeys
  73 wights
  6 lava snakes
  11 electric eels
  9 crimson imps
  3 bullfrog zombies
  A quasit (Abyss:4)
  2 jellies
  8 human zombies
  23 starcursed masses
  24 orc priests
  4 hounds
  A bullfrog skeleton (D:8)
  A gnoll shaman (D:5)
  27 orc wizards
  8 centaur skeletons
  3 human skeletons
  41 iron imps
  Jessica (D:3)
  3 iguanas
  Natasha (thrice) (D:4)
  A hell rat (Dis:4)
  5 worker ants
  A naga zombie (Dis:7)
  A hound zombie (D:11)
  54 mummies
  11 gnolls
  A river rat (Lair:3)
  12 adders
  2 swamp drake skeletons
  9 shadow imps
  23 white imps
  3 adder skeletons
  5 worms
  A dart slug (D:2)
  2 leopard geckos
  90 orcs
  8 giant cockroaches
  13 goblins
  9 hobgoblins
  14 jackals
  21 kobolds
  6 quokkas
  A ball python skeleton (Crypt:1)
  7 bats
  4 frilled lizards
  A frilled lizard skeleton (Crypt:1)
  A gnoll skeleton (Crypt:2)
  A jackal skeleton (Crypt:2)
  A kobold skeleton (Coc:1)
  A leopard gecko zombie (D:5)
  2 orc skeletons
  2 orc zombies
  13 rats
  A fungus (Lair:2)
  5 plants
  15 tentacles
4295 creatures vanquished.

Vanquished Creatures (collateral kills)
  Antaeus (Hell)
  A pandemonium lord (Pan)
  2 Tzitzimimeh
  6 iron giants
  2 bone dragons
  3 Brimstone Fiends
  10 Hell Sentinels
  7 Ice Fiends
  The ghost of graki42 the Sorcerer, an adept DEFE of Vehumet (Elf:3)
  An eldritch tentacle (Dis:5)
  7 ancient champions
  2 Executioners
  5 cacodemons (Dis:7)
  4 iron dragons
  2 balrugs
  19 reapers
  A lorocyproca (Dis:7)
  3 blizzard demons
  A hell beast (Dis:4)
  An ice dragon (Coc:7)
  A storm dragon zombie (Dis:5)
  An iron golem (Dis:2)
  A skeletal warrior (Dis:5)
  3 iron trolls (Dis:7)
  An anaconda zombie (Dis:1)
  An infernal demonspawn (Pan)
  A wolf spider zombie (Dis:1)
  2 iron dragon zombies
  A frost giant zombie (Dis:7)
  2 dire elephant zombies
  6 rust devils
  A smoke demon (Pan)
  10 hellions
  2 ice devils
  2 efreet
  4 tormentors
  2 red devils
  An ice dragon zombie (Dis:5)
  3 flying skulls (Dis:6)
  2 black mamba zombies
  A ynoxinul (Pan)
  A large abomination (Pan)
  A wraith (Dis:2)
  11 hell hounds
  A snapping turtle zombie (Dis:3)
  3 wights
  4 iron imps
  A white imp (Coc:7)
149 creatures vanquished.

Vanquished Creatures (others)
  A lich (Depths:5)
  5 eldritch tentacles
  A fire giant (Depths:4)
  5 elemental wellsprings
  An ice dragon (Coc:7)
  18 dancing weapons
  12 death scarabs
  A hell hog (Hell)
  A skeletal warrior (Tomb:2)
  A wizard (Depths:2)
  A cherub (Pan)
  A deep elf mage (Elf:3)
  2 necromancers (Depths:2)
  A merfolk siren (Shoals:2)
  A guardian serpent (Snake:4)
  A rust devil (Hell)
  A red devil (Dis:4)
  An alligator zombie (Coc:3)
  16 flying skulls
  2 water elementals
  A ynoxinul (Pan)
  A wraith (Dis:7)
  A hell hound (Dis:1)
  A manticore zombie (Dis:7)
  2 orc warriors (Elf:3)
  An ogre (Depths:4)
  An orc priest (Orc:2)
  2 iron imps (Dis:4)
  3 mummies
  A white imp (Hell)
  A goblin (D:3)
  A kobold (D:3)
  A quokka (D:3)
  A ball python (D:3)
  9 bushes (Lair:6)
  22 fungi
  2 lurking horrors (Abyss:4)
  37 plants
  14 starspawn tentacles
  39 tentacles
214 creatures vanquished.

Grand Total: 4658 creatures vanquished

Notes
Turn   | Place    | Note
-------+----------+-------------------------------------------
     0 | D:1      | Alarkh the Mummy Monk began the quest for the Orb.
     0 | D:1      | Reached XP level 1. HP: 18/18 MP: 1/1
   322 | D:1      | Reached XP level 2. HP: 19/24 MP: 2/2
   402 | D:1      | HP: 1/24 [hobgoblin/club (3)]
  1538 | D:2      | Reached XP level 3. HP: 28/29 MP: 3/3
  2363 | D:3      | Noticed Graouh's ghost (amateur MiFi)
  2506 | D:2      | Reached XP level 4. HP: 35/35 MP: 4/4
  2549 | D:3      | Found an opulent altar of Gozag.
  2550 | D:3      | Found a burning altar of Makhleb.
  2552 | D:3      | Found a snail-covered altar of Cheibriados.
  2554 | D:3      | Found an ancient bone altar of Kikubaaqudgha.
  2555 | D:3      | Found a sparkling altar of Nemelex Xobeh.
  2557 | D:3      | Became a worshipper of Gozag Ym Sagoz the Greedy
  2611 | D:3      | Noticed Purgy
  3061 | D:4      | Noticed a bullfrog
  3082 | D:4      | Killed a bullfrog
  3082 | D:4      | Reached skill level 1 in Armour
  3082 | D:4      | Reached XP level 5. HP: 17/42 MP: 5/5
  3648 | D:5      | Entered Level 5 of the Dungeon
  3904 | D:3      | Noticed Jessica
  3912 | D:3      | Killed Jessica
  3928 | D:3      | Found a hide-covered altar of Uskayaw.
  3958 | D:3      | Found a white marble altar of Elyvilon.
  4439 | D:3      | Reached XP level 6. HP: 48/48 MP: 6/6
  4732 | D:3      | Noticed an orc warrior
  4768 | D:3      | Killed an orc warrior
  5369 | D:4      | Noticed Natasha
  5384 | D:4      | Killed Natasha
  5498 | D:4      | Noticed Natasha
  5514 | D:4      | Killed Natasha
  5514 | D:4      | Reached XP level 7. HP: 38/55 MP: 7/7
  5522 | D:4      | Noticed Natasha
  5538 | D:4      | Killed Natasha
  5659 | D:4      | Noticed Blork the orc
  5673 | D:4      | Killed Blork the orc
  5740 | D:4      | Noticed Menkaure
  5747 | D:4      | Killed Menkaure
  5747 | D:4      | Reached skill level 5 in Long Blades
  6193 | D:3      | Found a white marble altar of Elyvilon.
  6232 | D:3      | Killed Graouh's ghost
  6283 | D:3      | Killed Purgy
  6283 | D:3      | Reached skill level 5 in Fighting
  6478 | D:5      | Reached XP level 8. HP: 41/62 MP: 8/8
  7115 | D:5      | Found a staircase to the Ecumenical Temple.
  7185 | Temple   | Entered the Ecumenical Temple
  7561 | D:6      | Found Satur's Armour Emporium.
  7564 | D:6      | Bought a +0 shield for 54 gold pieces
  7564 | D:6      | Bought a +0 pair of boots for 54 gold pieces
  7599 | D:6      | Found a basalt altar of Yredelemnul.
  7709 | D:6      | Reached skill level 5 in Dodging
  7781 | D:6      | Reached XP level 9. HP: 68/69 MP: 9/9
  8035 | D:6      | Got a scorched leather armour
  8046 | D:6      | Identified the +1 leather armour "Netagur" {-Tele rElec Dex+3 SInv} (You found it on level 6 of the Dungeon)
  8076 | D:6      | Reached skill level 1 in Shields
  8842 | D:7      | Noticed a moth of wrath
  8845 | D:7      | Found a bloodstained altar of Trog.
  9168 | D:7      | Found a glowing golden altar of the Shining One.
  9168 | D:7      | Found a glowing silver altar of Zin.
  9169 | D:7      | Found a white marble altar of Elyvilon.
  9434 | D:8      | Reached skill level 2 in Shields
  9580 | D:8      | Found a shadowy altar of Dithmenos.
  9596 | D:8      | Found a staircase to the Lair.
 10084 | D:8      | Found an ancient bone altar of Kikubaaqudgha.
 10096 | D:8      | Reached XP level 10. HP: 79/79 MP: 10/10
 10337 | Lair:1   | Entered Level 1 of the Lair of Beasts
 10596 | Lair:1   | Reached skill level 5 in Armour
 10680 | Lair:1   | Noticed Sonja
 10796 | Lair:1   | Reached skill level 3 in Shields
 11363 | Lair:1   | Noticed a spiny frog
 11389 | Lair:1   | Killed a spiny frog
 11563 | Lair:1   | Noticed Grum
 11617 | Lair:1   | Killed Grum
 11838 | Lair:1   | Got a fine steel ring
 11963 | Lair:1   | Identified the ring of the Jackalope {rCorr rF- rN++ Dex+3} (You found it on level 1 of the Lair of Beasts)
 12314 | D:9      | Noticed a two-headed ogre
 12316 | D:9      | Noticed Pikel
 12457 | Lair:2   | Reached skill level 4 in Shields
 12457 | Lair:2   | Reached XP level 11. HP: 83/86 MP: 11/11
 12566 | Lair:2   | Noticed Gastronok
 13041 | Lair:2   | Noticed a catoblepas
 13473 | Lair:2   | Killed a catoblepas
 14125 | Lair:2   | Killed Gastronok
 14125 | Lair:2   | Reached skill level 10 in Long Blades
 14227 | Lair:2   | Found a staircase to the Shoals.
 14346 | Lair:2   | Noticed a catoblepas
 14370 | Lair:2   | Killed a catoblepas
 14370 | Lair:2   | Reached skill level 5 in Shields
 15029 | Lair:2   | Bought 3 scrolls of enchant weapon for 382 gold pieces
 15081 | Lair:3   | Reached XP level 12. HP: 94/94 MP: 12/12
 15362 | Lair:3   | Learned a level 1 spell: Apportation
 15371 | Lair:3   | Found a staircase to the Snake Pit.
 16221 | Lair:4   | Got a twisted war axe
 16222 | Lair:4   | Identified the +2 war axe "Jaufahyh" {vamp, rC+ MR- Dex+9} (You found it on level 4 of the Lair of Beasts)
 16481 | Lair:4   | Noticed a five-headed hydra
 16542 | Lair:4   | Killed a five-headed hydra
 17630 | Lair:5   | Noticed Rupert
 17677 | Lair:5   | Killed Rupert
 17677 | Lair:5   | Reached skill level 6 in Shields
 17933 | Lair:5   | Found an ornate altar of the Wu Jian Council.
 18340 | Lair:6   | Entered Level 6 of the Lair of Beasts
 18384 | Lair:6   | Noticed a death yak
 18406 | Lair:6   | Noticed a death yak
 18413 | Lair:6   | Noticed a death yak
 18414 | Lair:6   | Noticed a death yak
 18420 | Lair:6   | Noticed a six-headed hydra
 18427 | Lair:6   | Killed a death yak
 18438 | Lair:6   | Noticed a five-headed hydra
 18566 | Lair:6   | Found a staircase to the Slime Pits.
 18955 | Lair:1   | Killed Sonja
 19044 | D:9      | Gained mutation: You are in touch with the powers of death. [Mummy growth]
 19044 | D:9      | Reached XP level 13. HP: 100/102 MP: 13/13
 19239 | D:9      | Killed Pikel
 19379 | D:10     | Entered Level 10 of the Dungeon
 19497 | D:10     | Noticed Erica
 19507 | D:10     | Killed Erica
 19754 | D:10     | Noticed Snorg
 19770 | D:10     | Killed Snorg
 20427 | D:10     | Found a staircase to the Orcish Mines.
 20441 | Orc:1    | Entered Level 1 of the Orcish Mines
 20513 | Orc:1    | Noticed Fannar
 20595 | Orc:1    | Found a dark tunnel.
 20732 | Volcano  | Entered a volcano
 21167 | Volcano  | Found a bloodstained altar of Trog.
 21176 | Volcano  | Reached skill level 10 in Fighting
 21630 | Volcano  | Noticed a red draconian
 21688 | Volcano  | Killed a red draconian
 21688 | Volcano  | Reached skill level 7 in Shields
 23868 | Lair:6   | Noticed Nessos
 23899 | Lair:5   | Killed Nessos
 24241 | Lair:6   | Reached XP level 14. HP: 95/111 MP: 14/14
 25557 | Lair:6   | Reached skill level 8 in Shields
 25960 | Lair:6   | Got a shimmering iron ring
 25993 | Lair:6   | Identified the ring of Kuipeuxo {Wiz *Drain rElec rC++ rN+} (You found it on level 6 of the Lair of Beasts)
 26344 | Orc:1    | Killed Fannar
 26396 | Orc:2    | Entered Level 2 of the Orcish Mines
 26403 | Orc:2    | Found a staircase to the Elven Halls.
 27757 | Orc:2    | Reached skill level 10 in Dodging
 28373 | Orc:2    | Found Misyul's Magic Scroll Shop.
 28373 | Orc:2    | Found Xomud's Assorted Antiques.
 28563 | Orc:2    | Found Toecs's Magic Scroll Shop.
 28563 | Orc:2    | Found Feenup's Weapon Shoppe.
 28574 | Orc:2    | Bought a glowing helmet for 240 gold pieces
 28574 | Orc:2    | Bought fire dragon scales for 1920 gold pieces
 28574 | Orc:2    | Bought a scroll labeled HUESMI YZXUOR for 32 gold pieces
 28574 | Orc:2    | Bought a scroll labeled ENWUTU TOSI for 32 gold pieces
 28574 | Orc:2    | Bought a scroll labeled WEC DOCOCERU for 32 gold pieces
 28620 | Orc:2    | Bought a scroll of enchant weapon for 97 gold pieces
 28620 | Orc:2    | Bought a scroll of magic mapping for 45 gold pieces
 28620 | Orc:2    | Bought a scroll of blinking for 97 gold pieces
 28622 | Orc:2    | Bought a scroll of enchant weapon for 120 gold pieces
 28622 | Orc:2    | Bought a scroll of teleportation for 48 gold pieces
 28622 | Orc:2    | Bought a scroll of magic mapping for 56 gold pieces
 28622 | Orc:2    | Bought a scroll of teleportation for 48 gold pieces
 28783 | Lair:2   | Bought a scroll of fog for 34 gold pieces
 28783 | Lair:2   | Bought a scroll of teleportation for 51 gold pieces
 28783 | Lair:2   | Bought a scroll of teleportation for 51 gold pieces
 28783 | Lair:2   | Bought a scroll of teleportation for 51 gold pieces
 28783 | Lair:2   | Bought a scroll of magic mapping for 59 gold pieces
 29282 | D:11     | Reached XP level 15. HP: 119/119 MP: 15/15
 31413 | D:13     | Found Ariadwo's Antique Armour Boutique.
 31623 | Lair:2   | Bought the amulet of Osaulin {MR+ Regen+ Int+3 SInv} for 1008 gold pieces
 31871 | D:13     | Found a white marble altar of Elyvilon.
 32208 | D:14     | Found a gate to the Vaults.
 32209 | D:14     | Noticed Louise
 32243 | D:14     | Killed Louise
 32243 | D:14     | Reached skill level 9 in Shields
 32745 | D:15     | Entered Level 15 of the Dungeon
 32912 | D:15     | Reached skill level 10 in Armour
 33079 | D:15     | Got a pair of slimy boots
 33090 | D:15     | Identified the +0 pair of boots of Jigsaw {-Tele rElec Regen+ rCorr} (You found it on level 15 of the Dungeon)
 33310 | D:15     | Found a staircase to the Depths.
 33835 | D:15     | Noticed a sphinx
 33835 | D:15     | Noticed a tengu reaver
 34044 | D:14     | Reached XP level 16. HP: 79/129 MP: 16/16
 34353 | D:15     | Killed a sphinx
 34370 | D:15     | Killed a tengu reaver
 35020 | Lair:2   | Bought a creamy pearl robe for 114 gold pieces
 35020 | Lair:2   | Bought a pitted leather armour for 140 gold pieces
 35020 | Lair:2   | Bought a glowing cloak for 150 gold pieces
 35020 | Lair:2   | Bought a pair of embroidered gloves for 150 gold pieces
 35030 | Lair:2   | Identified the +0 robe of the Kettle-Drum {Int+6} (You bought it in a shop on level 2 of the Lair of Beasts)
 35040 | Lair:2   | Identified the +0 leather armour "Nehupu" {Int+4} (You bought it in a shop on level 2 of the Lair of Beasts)
 35105 | Snake:1  | Entered Level 1 of the Snake Pit
 35308 | Snake:1  | Reached skill level 10 in Shields
 37100 | Snake:2  | Cast into level 3 of the Abyss (naga warrior)
 37119 | Snake:2  | Escaped the Abyss
 37846 | Snake:3  | Reached XP level 17. HP: 138/138 MP: 17/17
 38462 | Snake:4  | Entered Level 4 of the Snake Pit
 38488 | Snake:4  | Reached skill level 11 in Shields
 40422 | Snake:4  | Reached skill level 12 in Shields
 40555 | Snake:4  | Got a serpentine rune of Zot
 41083 | Lair:2   | Bought 3 scrolls of teleportation for 360 gold pieces
 41282 | Vaults:1 | Entered Level 1 of the Vaults
 41403 | Vaults:1 | Reached XP level 18. HP: 143/147 MP: 18/18
 41768 | Vaults:1 | Found a roughly hewn altar of Beogh.
 42477 | Vaults:1 | Reached skill level 15 in Fighting
 43460 | Vaults:2 | Reached skill level 13 in Shields
 44713 | Vaults:2 | Reached XP level 19. HP: 104/155 MP: 19/19
 44906 | Vaults:3 | Found a staircase to the Crypt.
 45128 | Vaults:3 | Identified a scroll of acquirement
 45130 | Vaults:3 | Got a fine double sword
 45131 | Vaults:3 | Identified the +8 double sword of Loariz Vaha {venom, Dex+2} (You acquired it on level 3 of the Vaults)
 45569 | Vaults:3 | Reached skill level 14 in Shields
 46123 | Vaults:3 | Got a flickering pewter ring
 46125 | Vaults:3 | Identified the ring of Kexuh Itto {-Tele rPois MR+ SInv} (You found it on level 3 of the Vaults)
 46268 | Vaults:4 | Noticed Xtahua
 46920 | Vaults:4 | Killed Xtahua
 48040 | Vaults:4 | Reached XP level 20. HP: 113/165 MP: 20/20
 48106 | Vaults:4 | Reached skill level 15 in Shields
 48720 | Lair:2   | Learned a level 3 spell: Spectral Weapon
 48740 | Lair:2   | Bought a scroll of acquirement for 624 gold pieces
 48741 | Lair:2   | Bought the +2 hat of the Bear Spirit {Spirit, +Rage rN+ MR++} for 469 gold pieces
 48741 | Lair:2   | Bought a +1 large shield of protection for 198 gold pieces
 48770 | Lair:2   | Got a warped long sword
 48771 | Lair:2   | Identified the +11 long sword of Day {slice, Dex+2 Stlth+} (You acquired it on level 2 of the Lair of Beasts)
 48881 | Elf:1    | Entered Level 1 of the Elven Halls
 48905 | Elf:1    | Found a radiant altar of Vehumet.
 49817 | Elf:2    | Got a spiked ring mail
 49828 | Elf:2    | Identified the +5 ring mail of Classification {+Fly rPois} (You found it on level 2 of the Elven Halls)
 50101 | Elf:2    | Found a huge runed gate.
 50101 | Elf:2    | Found a huge runed gate.
 50101 | Elf:2    | Found a huge runed gate.
 50102 | Elf:2    | Found a huge runed gate.
 50102 | Elf:2    | Found a huge runed gate.
 50386 | Elf:3    | Entered Level 3 of the Elven Halls
 50386 | Elf:3    | Noticed Nikola
 50549 | Elf:3    | Killed Nikola
 51335 | Elf:3    | Got a serpentine golden ring
 51348 | Elf:3    | Identified the ring of Mysticism {rN+ EV+2} (You found it on level 3 of the Elven Halls)
 51642 | Elf:3    | Got a polished buckler
 51649 | Elf:3    | Identified the cursed +0 buckler of Hysteria {Int+6 Dex+5 Slay-2} (You took it off a deep elf demonologist on level 3 of the Elven Halls)
 51681 | Elf:3    | Reached skill level 16 in Shields
 51781 | Elf:3    | Identified Uczonnuv's Volume of Fire and Conjuration
 51936 | Elf:3    | Identified the Almanac of Feathers
 51951 | Elf:3    | Got a bloodstained long sword
 51952 | Elf:3    | Identified the +7 long sword "Besaenal" {freeze, *Noise rElec rPois Dex+7} (You found it on level 3 of the Elven Halls)
 52127 | Elf:3    | Reached XP level 21. HP: 174/174 MP: 21/21
 52318 | Elf:3    | Found a roughly hewn altar of Beogh.
 52331 | Elf:3    | Noticed graki42's ghost (adept DEFE)
 52532 | Elf:3    | Killed graki42's ghost
 52668 | Elf:3    | Learned a level 2 spell: Blink
 52674 | Elf:3    | Learned a level 5 spell: Dispel Undead
 52680 | Elf:3    | Learned a level 5 spell: Bolt of Draining
 52956 | Shoals:1 | Entered Level 1 of the Shoals
 53562 | Shoals:1 | Found Nesaokag's Antique Armour Shoppe.
 53570 | Shoals:1 | Bought a bloodstained scale mail for 333 gold pieces
 53570 | Shoals:1 | Identified the +6 scale mail of the Ageless Orbs {+Blink rN+ Str+2 Stlth+} (You bought it in a shop on level 1 of the Shoals)
 54141 | Shoals:2 | Reached skill level 15 in Dodging
 55131 | Shoals:3 | Found a bloodstained altar of Trog.
 55131 | Shoals:3 | Noticed Donald
 55152 | Shoals:3 | Killed Donald
 55565 | Shoals:3 | Cast into level 3 of the Abyss (merfolk impaler)
 55663 | Abyss:4  | Got a faintly glowing dire flail
 55678 | Abyss:4  | Identified the +7 dire flail of Untimely Demise {protect, rElec Int+6} (You found it on level 4 of the Abyss)
 55730 | Abyss:4  | Reached skill level 1 in Charms
 55766 | Abyss:4  | Reached skill level 1 in Spellcasting
 55766 | Abyss:4  | Reached skill level 1 in Necromancy
 55877 | Abyss:4  | Reached skill level 17 in Shields
 56241 | Abyss:5  | Entered Level 5 of the Abyss
 56242 | Abyss:5  | Found a corrupted altar of Lugonu.
 56572 | Abyss:5  | Found a corrupted altar of Lugonu.
 56577 | Abyss:5  | Got an abyssal rune of Zot
 56762 | Shoals:3 | Escaped the Abyss
 57162 | Shoals:4 | Entered Level 4 of the Shoals
 57169 | Shoals:4 | Reached XP level 22. HP: 181/181 MP: 28/28
 57280 | Shoals:4 | Noticed Ilsuiw
 57594 | Shoals:4 | Reached skill level 5 in Spellcasting
 57891 | Shoals:4 | Killed Ilsuiw
 58155 | Shoals:4 | Learned a level 6 spell: Deflect Missiles
 58163 | Shoals:4 | Learned a level 7 spell: Spellforged Servitor
 58178 | Shoals:4 | Got a crude ivory ring
 58359 | Shoals:4 | Identified the ring of the Trilobite {rPois Int+4 Dex+5} (You found it on level 4 of the Shoals)
 58475 | Shoals:4 | Got a barnacled rune of Zot
 58516 | Shoals:4 | Got a twitching copper ring
 58517 | Shoals:4 | Identified the ring "Evantoicw" {rPois rC- MR+++ Str-2 Dex+3} (You found it on level 4 of the Shoals)
 58845 | Slime:1  | Entered Level 1 of the Pits of Slime
 59027 | Slime:1  | Reached skill level 5 in Necromancy
 60987 | Slime:3  | Reached skill level 5 in Charms
 61144 | Slime:4  | Reached skill level 18 in Shields
 61638 | Slime:5  | Entered Level 5 of the Pits of Slime
 62115 | Slime:5  | Found a viscous altar of Jiyva.
 62204 | Slime:4  | Paralysed by a floating eye for 2 turns
 62210 | Slime:4  | Paralysed by a floating eye for 3 turns
 62360 | Slime:4  | Paralysed by a floating eye for 2 turns
 62721 | Slime:5  | Noticed the Royal Jelly
 63628 | Lair:2   | Learned a level 6 spell: Iron Shot
 63841 | Depths:1 | Entered Level 1 of the Depths
 63914 | Depths:1 | Reached XP level 23. HP: 152/187 MP: 30/35
 63930 | Depths:1 | Reached skill level 1 in Conjurations
 64092 | Depths:1 | Reached skill level 1 in Earth Magic
 64254 | Depths:1 | Found a gateway to Hell.
 65422 | Depths:1 | Found Guppoy's Gadget Emporium.
 65422 | Depths:1 | Found Xust's Jewellery Boutique.
 65423 | Depths:1 | Found Cegumoyg's Gadget Emporium.
 65609 | Depths:1 | Found a one-way gate leading to the halls of Pandemonium.
 66072 | Depths:2 | Reached skill level 10 in Spellcasting
 66265 | Depths:2 | Identified Vefekiak's Tome of Snow and Flames
 66603 | Depths:2 | Got an ancient crystal amulet
 66610 | Depths:2 | Identified the amulet of Ipleego {Harm *Drain Fragile rN+ Int+4} (You found it on level 2 of the Depths)
 67158 | Depths:3 | Found a runed door.
 67160 | Depths:3 | Noticed a caustic shrike
 67183 | Depths:2 | Killed a caustic shrike
 67261 | Depths:3 | Noticed a caustic shrike
 67276 | Depths:2 | Killed a caustic shrike
 67420 | Depths:3 | Reached skill level 15 in Long Blades
 67429 | Depths:3 | Reached XP level 24. HP: 152/195 MP: 30/37
 67475 | Depths:3 | Noticed a juggernaut
 67475 | Depths:3 | Found a runed door.
 67476 | Depths:3 | Found a runed door.
 67537 | Depths:2 | Killed a juggernaut
 67643 | Depths:3 | Found a runed door.
 67846 | Depths:1 | Got a jewelled chain mail
 67847 | Depths:1 | Identified the +5 chain mail of Dedduck {rPois rF+ rCorr Int+3} (You found it on level 1 of the Depths)
 69239 | Depths:4 | Found a one-way gate to the infinite horrors of the Abyss.
 69560 | Depths:4 | Reached skill level 19 in Shields
 69593 | Depths:4 | Reached skill level 1 in Summonings
 69602 | Depths:4 | Reached skill level 1 in Air Magic
 69859 | Depths:4 | Learned a level 7 spell: Haunt
 70480 | Depths:4 | Paralysed by a floating eye for 2 turns
 70748 | Depths:5 | Entered Level 5 of the Depths
 70749 | Depths:5 | Found a shattered altar of Ashenzari.
 70808 | Depths:5 | Found Hefop's Antique Armour Shop.
 70844 | Depths:5 | Paralysed by a floating eye for 3 turns
 70849 | Depths:5 | Found a gateway to a ziggurat.
 70859 | Depths:5 | Paralysed by a floating eye for 4 turns
 70898 | Depths:5 | Reached XP level 25. HP: 131/201 MP: 29/37
 71019 | Depths:5 | Bought a slimy helmet for 313 gold pieces
 71019 | Depths:5 | Identified the +2 helmet "Veik" {rC+ rN+ Str+4} (You bought it in a shop on level 5 of the Depths)
 71738 | Depths:5 | Reached skill level 5 in Earth Magic
 71748 | Depths:5 | Reached skill level 5 in Conjurations
 71794 | Depths:5 | Found a gate to the Realm of Zot.
 71881 | Depths:5 | Noticed a juggernaut
 71896 | Depths:5 | Killed a juggernaut
 72146 | Depths:1 | Bought a wand of lightning (4/15) for 168 gold pieces
 72534 | Lair:6   | Identified Ruschaf's Disquisition on Hexes
 72702 | Lair:2   | Bought the ring "Tanasog" {AC+4 Dex+4} for 976 gold pieces
 72997 | Crypt:1  | Entered Level 1 of the Crypt
 73315 | Crypt:1  | Found a basalt altar of Yredelemnul.
 74570 | Crypt:2  | Reached skill level 10 in Necromancy
 74623 | Crypt:3  | Entered Level 3 of the Crypt
 74875 | Crypt:3  | Found an ancient bone altar of Kikubaaqudgha.
 74875 | Crypt:3  | Noticed an ancient lich
 74910 | Crypt:3  | Killed an ancient lich
 74951 | Crypt:3  | Got a bound zirconium amulet
 74951 | Crypt:3  | Got a sparkling steel ring
 74953 | Crypt:3  | Identified the amulet "Curenos" {Regen+ Dex+2} (You found it on level 3 of the Crypt)
 74957 | Crypt:3  | Identified the ring "Geseraur" {rF+ rN+} (You found it on level 3 of the Crypt)
 74961 | Crypt:3  | Identified the Incunabulum of the Bard
 74964 | Crypt:3  | Got a spiked scale mail
 74965 | Crypt:3  | Identified the +11 scale mail "Osticvej" {rN+++ Regen+ Str-5 Slay+3} (You found it on level 3 of the Crypt)
 75039 | Crypt:3  | Found a staircase to the Tomb.
 75977 | Crypt:3  | Gained mutation: You are strongly in touch with the powers of death. [Mummy growth]
 75977 | Crypt:3  | Reached XP level 26. HP: 208/208 MP: 19/39
 76005 | Crypt:3  | Reached skill level 5 in Summonings
 76325 | Tomb:1   | Entered Level 1 of the Tomb of the Ancients
 77339 | Tomb:1   | Noticed an ancient lich
 77369 | Tomb:1   | Killed an ancient lich
 77369 | Tomb:1   | Reached skill level 5 in Air Magic
 77455 | Tomb:1   | Noticed a greater mummy
 77462 | Tomb:1   | Noticed an ancient lich
 77513 | Tomb:1   | Killed a greater mummy
 77672 | Tomb:1   | Killed an ancient lich
 78089 | Tomb:2   | Noticed a greater mummy
 78089 | Tomb:2   | Noticed a greater mummy
 78089 | Tomb:2   | Noticed a greater mummy
 78294 | Tomb:1   | Reached skill level 20 in Shields
 78418 | Tomb:1   | Killed a greater mummy
 78539 | Tomb:1   | Killed a greater mummy
 78661 | Tomb:1   | Killed a greater mummy
 78774 | Tomb:2   | Noticed a greater mummy
 78804 | Tomb:1   | Killed a greater mummy
 79374 | Tomb:1   | Noticed a greater mummy
 79383 | Tomb:1   | Killed a greater mummy
 79385 | Tomb:1   | Noticed a greater mummy
 79405 | Tomb:1   | Killed a greater mummy
 79424 | Tomb:1   | Noticed a greater mummy
 79424 | Tomb:1   | Noticed a greater mummy
 79508 | Tomb:1   | Killed a greater mummy
 79515 | Tomb:1   | Killed a greater mummy
 79622 | Tomb:1   | Noticed a greater mummy
 79622 | Tomb:1   | Noticed a greater mummy
 79642 | Tomb:1   | Killed a greater mummy
 79649 | Tomb:1   | Killed a greater mummy
 79685 | Tomb:1   | Noticed a greater mummy
 79707 | Tomb:1   | Killed a greater mummy
 79792 | Tomb:1   | Noticed a greater mummy
 79799 | Tomb:1   | Killed a greater mummy
 79924 | Tomb:1   | Noticed a greater mummy
 79930 | Tomb:1   | Noticed a greater mummy
 80085 | Tomb:1   | Killed a greater mummy
 80159 | Tomb:1   | Killed a greater mummy
 80354 | Tomb:1   | Noticed a greater mummy
 80369 | Tomb:1   | Killed a greater mummy
 80369 | Tomb:1   | Reached XP level 27. HP: 201/214 MP: 22/40
 80395 | Tomb:1   | Noticed a greater mummy
 80415 | Tomb:1   | Noticed a greater mummy
 80416 | Tomb:1   | Killed a greater mummy
 80430 | Tomb:1   | Killed a greater mummy
 80502 | Tomb:1   | Noticed a greater mummy
 80504 | Tomb:1   | Noticed a greater mummy
 80524 | Tomb:1   | Killed a greater mummy
 80684 | Tomb:1   | Killed a greater mummy
 80726 | Tomb:1   | Noticed a greater mummy
 80735 | Tomb:1   | Killed a greater mummy
 80797 | Tomb:1   | Noticed a greater mummy
 80810 | Tomb:1   | Killed a greater mummy
 80891 | Tomb:1   | Noticed a greater mummy
 80900 | Tomb:1   | Killed a greater mummy
 80900 | Tomb:1   | Reached skill level 10 in Charms
 81100 | Tomb:1   | Noticed a greater mummy
 81114 | Tomb:1   | Killed a greater mummy
 81127 | Tomb:1   | Noticed a greater mummy
 81133 | Tomb:1   | Noticed a greater mummy
 81140 | Tomb:1   | Killed a greater mummy
 81149 | Tomb:1   | Killed a greater mummy
 81316 | Tomb:1   | Noticed a greater mummy
 81320 | Tomb:1   | Noticed a greater mummy
 81322 | Tomb:1   | Noticed a greater mummy
 81322 | Tomb:1   | Killed a greater mummy
 81496 | Tomb:1   | Killed a greater mummy
 81533 | Tomb:1   | Killed a greater mummy
 81669 | Tomb:1   | Noticed a greater mummy
 81682 | Tomb:1   | Killed a greater mummy
 81968 | Tomb:3   | Entered Level 3 of the Tomb of the Ancients
 82365 | Tomb:3   | Noticed a greater mummy
 82369 | Tomb:3   | Noticed a greater mummy
 82446 | Tomb:3   | Noticed a greater mummy
 82703 | Tomb:2   | Killed a greater mummy
 82831 | Tomb:3   | Noticed a greater mummy
 82992 | Tomb:2   | Killed a greater mummy
 82994 | Tomb:2   | Killed a greater mummy
 83258 | Tomb:2   | Killed a greater mummy
 83258 | Tomb:2   | Reached skill level 21 in Shields
 83465 | Tomb:3   | Noticed a greater mummy
 83588 | Tomb:3   | Noticed a greater mummy
 83591 | Tomb:3   | Noticed an ancient lich
 83601 | Tomb:2   | Killed a greater mummy
 83748 | Tomb:2   | Killed an ancient lich
 83877 | Tomb:3   | Killed a greater mummy
 83925 | Tomb:3   | Reached skill level 15 in Spellcasting
 84256 | Tomb:3   | Noticed a greater mummy
 84396 | Tomb:3   | Killed a greater mummy
 84557 | Tomb:3   | Got a golden rune of Zot
 84607 | Tomb:3   | Noticed a greater mummy
 84614 | Tomb:3   | Killed a greater mummy
 84922 | Tomb:3   | Got a bound bone amulet
 84975 | Tomb:3   | Identified the amulet "Qaarghat" {Harm *Drain rC+ rN+ Dex-5 SInv} (You found it on level 3 of the Tomb of the Ancients)
 85012 | Tomb:3   | Got a smoking shield
 85023 | Tomb:3   | Identified the cursed +0 shield of Knowledge {+Inv Regen+} (You found it on level 3 of the Tomb of the Ancients)
 85121 | Tomb:3   | Got a bloodstained helmet
 85132 | Tomb:3   | Identified the cursed +0 helmet "Wuhicruo" {Str+4} (You found it on level 3 of the Tomb of the Ancients)
 86122 | Lair:2   | Learned a level 9 spell: Tornado
 86140 | Lair:2   | Bought a scroll of enchant armour for 360 gold pieces
 86140 | Lair:2   | Bought a scroll of enchant armour for 360 gold pieces
 86162 | Lair:2   | Upgraded the game from 0.20-a0-739-g6bb112f to 0.20-a0-754-g13ddd6e
 86171 | Lair:2   | Bought the ring "Estrih" {rF+ Int+4 Stlth+} for 638 gold pieces
 86414 | Hell     | Entered the Vestibule of Hell
 86414 | Hell     | Noticed Geryon
 86829 | Hell     | Killed Geryon
 87194 | Hell     | Reached skill level 10 in Conjurations
 87206 | Hell     | Found a gateway to the ashen valley of Gehenna.
 87858 | Hell     | Found a gateway to the Iron City of Dis.
 87876 | Hell     | Found a gateway to the freezing wastes of Cocytus.
 88031 | Hell     | Found a gateway to the decaying netherworld of Tartarus.
 88211 | Coc:1    | Entered Level 1 of Cocytus
 88508 | Coc:1    | Reached skill level 10 in Earth Magic
 88556 | Coc:1    | Reached skill level 10 in Air Magic
 90722 | Coc:2    | Reached skill level 22 in Shields
 92719 | Coc:4    | Reached skill level 23 in Shields
 94101 | Coc:4    | Reached skill level 24 in Shields
 96386 | Coc:5    | Reached skill level 25 in Shields
 96883 | Coc:5    | Reached skill level 10 in Summonings
 99064 | Coc:7    | Entered Level 7 of Cocytus
100966 | Coc:7    | Identified Sif Muna's Volume of Displacement
101286 | Coc:7    | Noticed Antaeus
101741 | Hell     | Killed Antaeus
102036 | Coc:7    | Got an icy rune of Zot
102448 | Lair:2   | Bought 3 scrolls of blinking for 382 gold pieces
102448 | Lair:2   | Bought 3 scrolls of teleportation for 153 gold pieces
102448 | Lair:2   | Bought a scroll of teleportation for 51 gold pieces
102746 | Dis:1    | Entered Level 1 of the Iron City of Dis
112171 | Dis:7    | Entered Level 7 of the Iron City of Dis
112543 | Dis:7    | Reached skill level 15 in Necromancy
112585 | Dis:7    | Got a faintly humming leather armour
112588 | Dis:7    | Identified the +1 leather armour of Saroat {rC+ Int+4 SInv} (You found it on level 7 of the Iron City of Dis)
112595 | Dis:7    | Got a twitching jade ring
112597 | Dis:7    | Identified the ring "Kucuojuff" {rElec MR++ MP+9 Str-2 Dex-5} (You found it on level 7 of the Iron City of Dis)
112701 | Dis:7    | Reached skill level 15 in Air Magic
114284 | Dis:7    | Noticed the Serpent of Hell
115671 | Pan      | Entered Pandemonium
115808 | Pan      | Reached skill level 15 in Summonings
115857 | Pan      | Noticed Wifenaqa the pandemonium lord
115863 | Pan      | Paralysed by Wifenaqa for 3 turns
115890 | Pan      | Killed Wifenaqa the pandemonium lord
115994 | Pan      | Found an exit through the horrors of the Abyss.
116729 | Pan      | Noticed Dioruet the pandemonium lord
116977 | Pan      | Paralysed by a chaos spawn for 6 turns
117421 | Pan      | Killed from afar by a monstrous black sun

Vault maps used:
D:1:      dpeg_arrival_round_c, serial_bayou_pond_b
D:2:      first_bread
D:3:      old_standard_altar, grunt_temple_overflow_open, roderic_lattice_a,
          elyvilon_altar_4, uniq_purgy, uniq_jessica
D:4:      uniq_menkaure, uniq_natasha, uniq_blork_the_orc
D:5:      minmay_temple_entry_mist
D:6:      kennysheep_mini_moat, serial_shops, nicolae_shop_behind_doors,
          minmay_holes
D:7:      good_gods_temple_1, tgw_trog
D:8:      grunt_dithmenos_smoke_and_mirrors, lair_entry_dummy,
          lemuel_mausoleum_altar_kikubaaqudgha
D:9:      hangedman_pestilent_swarm, uniq_pikel
D:10:     orc_0_dummy, serial_bayou, serial_bayou_ford_a, serial_bayou_pond_c,
          serial_bayou_crossing, serial_bayou_shore_b, serial_bayou_pond_c,
          serial_bayou_lake_a, uniq_snorg, uniq_erica
D:11:     nicolae_twisting_strands
D:12:     serial_co_window_serial, co_window_corner_a, co_window_paths_a,
          co_window_paths_a, co_window_of_opportunity_a, co_window_paths_a,
          co_window_corner_b, co_window_corner_b, co_window_broadway_c,
          co_window_unsneaky_path_c, co_window_corner_b, co_window_corner_b,
          co_window_4corner_b, glass_columns_a, glass_columns_a,
          glass_columns_c, glass_columns_c
D:13:     basic_altar, serial_shops, nicolae_shop_trees, minmay_misc_feat_square
D:14:     david_vaults_2, minivault_24, uniq_louise
D:15:     gammafunk_depths_entry_grave, hangedman_decor_slide_cut,
          minmay_checkered_concentric_circles
Temple:   cyrus_temple_forest
Lair:1:   grunt_megastairs_3, uniq_grum, uniq_sonja
Lair:2:   minmay_shoals_entry_lonely_mermaid, special_room, uniq_gastronok
Lair:3:   guppyfry_snake_entry_garden, pond
Lair:5:   basic_altar, uniq_rupert
Lair:6:   due_jungle_book, slime_dummy, grunt_forest_large_clearings,
          uniq_nessos
Shoals:1: serial_shops, shop_fountains, nicolae_shoals_wave_tunnel
Shoals:2: cheibrodos_shoals_oceanic_diplomacy, hangedman_shoal_volcano
Shoals:3: lemuel_altar_in_water2, uniq_donald
Shoals:4: shoals_end_hangedman, shoals_ilsuiw_ice
Snake:1:  spider_trap, grunt_megastairs_4, serial_bayou_shore_a,
          serial_bayou_shore_b
Snake:2:  dpeg_oklob_gauntlet, statue_in_the_mist_lemuel, grunt_megastairs_1
Snake:3:  serial_bayou_lagoon_a, library_closet
Snake:4:  grunt_snake_rune_pools, spider_trap, grunt_ministairs_14,
          serial_bayou_pond_e, lemuel_fruit_tree
Slime:1:  cheibrodos_slime_lost_civilization_6
Orc:1:    lightli_volcano_entry_magma_tube, uniq_fannar
Orc:2:    grunt_orc_tribal_feast
Elf:1:    eino_elf_arrival_altar, hangedman_corner_corridor, spider_trap
Elf:3:    elf_hall, special_room, kennysheep_underground_church, uniq_nikola
Vaults:1: nicolae_vaults_shelves_hall, ontoclasm_vaults_pinch,
          special_room_vaults, hangedman_vaults_slice, hangedman_vaults_cutoff,
          hangedman_vaults_stretched_pinwheel, nicolae_vaults_sealed_display,
          nicolae_vaults_little_squares_6, vaults_dpeg_encased_lava,
          hangedman_vaults_stream, vaults_standard_mumra_lines
Vaults:2: v_misc_28, vaults_mumra_hexcomb, st_smaller_cells, v_rooms_6,
          vaults_room_hallway, nicolae_vaults_triangles, v_misc_12,
          hangedman_vaults_capsules, nicolae_vaults_rhombus_6,
          nicolae_vaults_circle_grid_a, grunt_vaults_focal
Vaults:3: dpeg_vaults_monster_box, v_misc_26, v_misc_15, vaults_mumra_minichess,
          ontoclasm_vaults_gallery, grunt_vaults_trifunnel,
          minmay_crypt_entry_simple_sparse, nicolae_vaults_little_squares_6,
          nicolae_vaults_little_squares_1, vaults_dpeg_diagonal,
          vaults_dpeg_hooks, nicolae_vaults_three_branches,
          hangedman_vaults_snaps, nicolae_vaults_specimen_jars,
          ontoclasm_vaults_claustrophobia
Vaults:4: v_misc_15, ontoclasm_vaults_idyll, nicolae_vaults_quartermaster,
          v_misc_27, v_misc_30, nicolae_vaults_little_squares_5, uniq_xtahua
Crypt:1:  basic_altar
Crypt:3:  cryptofortress_bobbens
Depths:1: evilmike_diamond_2, minmay_fountain_box, grunt_pan_entry_in_and_out,
          hell_entry, eino_small_chamber_without_monster,
          hangedman_decor_growths, spider_trap, hangedman_cracks_in_the_wall,
          minmay_shop_grove
Depths:2: minmay_tri_box, minmay_misc_feat_rugged, hell_entry
Depths:3: impenetrable_vault, pan_entry, minmay_splitting_lines, hell_entry,
          grunt_megastairs_2
Depths:4: minmay_dotted_concentric_squares, hangedman_abyss_entry_splay,
          hell_entry, hangedman_abyss_or_decor_clamps, nrook_mini_vaults,
          nicolae_wwwww, minmay_staircase_bubble
Depths:5: grunt_zot_entry_hairpin, enter_ziggurat_e, rand_demon_pan_entry_9,
          serial_shops, nicolae_shop_overgrown_old_shop, hell_entry,
          ashenzari_altar_1, laboratory
Dis:5:    hangedman_dis_decor_tower
Dis:7:    dis_st
Coc:7:    coc_dpeg
Abyss:3:  evilmike_abyss_exit_7, minivault_25_ag,
          due_evilmike_abyss_rune_seething_liches
Abyss:4:  guppyfry_abyss_exit_spiral_guarded, minivault_23
Abyss:5:  evilmike_abyss_exit_13, evilmike_nicolae_abyss_rune_containment_curve,
          hangedman_abyss_or_decor_passed, due_exit_kobolds
Pan:      rand_demon_8, nicolae_pan_glass_arcs
Volcano:  volcano_lake

Skill      XL: |  1  2  3  4  5  6  7  8  9 10 11 12 13 14 15 16 17 18 19 20 21 22 23 24 25 26 27 |
---------------+----------------------------------------------------------------------------------+-----
Long Blades    | 3 4 5 6 7 9 10 11 12 13 14 15 17 | 17.0
Armour         | 1 2 3 4 5 6 7 8 9 10 11 12 13 14 | 14.7
Dodging        | 3 4 5 6 7 8 9 10 11 12 13 14 15 | 15.1
Fighting       | 4 5 6 7 8 9 10 11 12 13 14 15 16 17 | 17.0
Shields        | 2 4 5 6 7 8 9 10 12 13 14 16 17 18 19 20 25 | 25.0
Charms         | 3 5 6 7 8 9 10 | 10.0
Spellcasting   | 4 8 10 12 13 20 | 20.8
Necromancy     | 3 7 8 9 10 11 16 | 16.1
Conjurations   | 3 4 6 7 14 | 14.7
Earth Magic    | 3 4 6 7 11 | 11.0
Summonings     | 2 4 6 15 | 15.0
Air Magic      | 2 4 6 15 | 15.8
Stealth        | |  1.5

Action                   |  1- 3 |  4- 6 |  7- 9 | 10-12 | 13-15 | 16-18 | 19-21 | 22-24 | 25-27 || total
-------------------------+-------+-------+-------+-------+-------+-------+-------+-------+-------++-------
Melee: Falchion          |   197 |   133 |       |       |       |       |       |       |       ||   330
       Long sword        |       |   105 |   139 |     8 |       |       |       |       |       ||   252
       Dagger            |       |    55 |   662 |   106 |       |       |       |       |       ||   823
       Scimitar          |       |       |       |   733 |  1835 |  2513 |   215 |     3 |       ||  5299
       Double sword      |       |       |       |       |       |       |  2647 |  2900 |   389 ||  5936
       Staff             |       |       |       |       |       |       |     7 |       |       ||     7
       Demon blade       |       |       |       |       |       |       |       |   917 | 11339 || 12256
 Cast: Dispel Undead     |       |       |       |       |       |       |       |       |   456 ||   456
       Haunt             |       |       |       |       |       |       |       |       |   273 ||   273
       Iron Shot         |       |       |       |       |       |       |       |       |   193 ||   193
       Blink             |       |       |       |       |       |       |       |       |     8 ||     8
       Deflect Missiles  |       |       |       |       |       |       |       |       |     3 ||     3
       Bolt of Draining  |       |       |       |       |       |       |       |       |     2 ||     2
Invok: Call Merchant     |       |       |       |     2 |     1 |     3 |     3 |     1 |     6 ||    16
       Potion Petition   |       |       |       |       |       |       |       |     4 |     1 ||     5
Evoke: Wand              |       |       |       |     3 |     2 |     5 |     4 |     1 |     3 ||    18
       Lightning rod     |       |       |       |       |     4 |     8 |       |       |       ||    12
       Phantom mirror    |       |       |       |       |       |       |     1 |       |       ||     1
  Use: Scroll            |     3 |     3 |     9 |    24 |     9 |    12 |    25 |    13 |    28 ||   126
 Stab: Sleeping          |     2 |     1 |       |     1 |     2 |       |       |       |     1 ||     7
       Distracted        |       |       |     2 |     6 |    11 |    19 |    17 |    21 |   106 ||   182
       Petrified         |       |       |       |    21 |       |       |       |       |       ||    21
Armor: Robe              |    30 |       |       |       |    11 |       |       |       |       ||    41
       Crystal plate arm |   115 |   169 |       |       |       |       |       |       |       ||   284
       Ring mail         |       |    75 |   290 |   295 |    39 |       |       |       |       ||   699
       Scale mail        |       |       |       |       |   344 |       |       |       |       ||   344
       Fire dragon scale |       |       |       |       |   271 |   695 |   797 |   964 |  2710 ||  5437
Dodge: Dodged            |    69 |    85 |   364 |   443 |   665 |   714 |  1077 |  1189 |  4314 ||  8920
       Deflected         |       |       |       |       |       |       |       |       |    24 ||    24
Block: Shield            |       |       |   152 |   418 |   636 |       |       |       |       ||  1206
       Large shield      |       |       |       |       |   252 |  2127 |  2740 |  3153 | 12097 || 20369
       Rpst.: Falchion   |    21 |     2 |       |       |       |       |       |       |       ||    23
       Long sword        |       |    21 |    15 |       |       |       |       |       |       ||    36
       Scimitar          |       |       |       |   153 |   153 |   123 |    12 |       |       ||   441
       Double sword      |       |       |       |       |       |       |   201 |   188 |    41 ||   430
       Demon blade       |       |       |       |       |       |       |       |    42 |   829 ||   871
